 Dungeon Crawl Stone Soup version 0.17.0-24-gcfadda4 (console) character file.

254 Kramin the Changer (level 5, -5/45 HPs)
             Began as a Draconian Transmuter on Nov 18, 2015.
             Killed from afar by Ijyb (6 damage)
             ... with a wand of magic darts
             ... on level 3 of the Dungeon.
             The game lasted 00:11:10 (3368 turns).

Kramin the Changer (Draconian Transmuter)           Turns: 3368, Time: 00:11:11

Health: -5/45      AC:  2    Str: 13    XL:     5   Next: 90%
Magic:  4/8        EV: 19    Int: 14    God:
Gold:   166        SH:  0    Dex: 16    Spells: 2 memorised, 4 levels left

rFire  + . .     SeeInvis .       - Unarmed
rCold  . . .     Clarity  .     (armour unavailable)
rNeg   . . .     SustAt   .     (shield currently unavailable)
rPois  x         Gourm    .     (helmet currently unavailable)
rElec  .         Spirit   .     (cloak currently unavailable)
rCorr  .         Warding  .     (gloves currently unavailable)
rMut   .         Stasis   .     (boots currently unavailable)
MR     .....                    (no amulet)
Stlth  +.........               (no ring)
                                k - ring of protection from fire

@: spider-form, not resistant to hostile enchantments, very unstealthy
A: unfitting armour, (cold-blooded), AC +5
a: End Transformation


You were on level 3 of the Dungeon.
You were hungry.
You were a venomous arachnid creature.
You visited 1 branch of the dungeon, and saw 3 of its levels.
You also visited: Sewer.

You collected 166 gold pieces.

Inventory:

Missiles
 a - 38 arrows
Armour
 i - a +0 pair of gloves (melded)
 p - a +0 cloak (melded)
Jewellery
 k - a ring of protection from fire (left front leg)
Wands
 n - a wand of digging (17)
 q - a wand of fireball (1)
Scrolls
 h - a scroll of fear
Potions
 e - a potion of magic {unknown}
 j - a potion of haste {unknown}
 l - a potion of heal wounds
 m - a potion of flight {unknown}
Books
 b - a book of Changes

   Spells                             Type                      Level
   a - Beastly Appendage              Transmutation                1
   b - Sticks to Snakes               Transmutation                2
   c - Spider Form                    Transmutation/Poison         3
   d - Ice Form                       Ice/Transmutation            4
   e - Blade Hands                    Transmutation                5
Miscellaneous
 d - a lantern of shadows
Comestibles
 c - a bread ration
 f - 2 beef jerkies
 g - 2 meat rations


   Skills:
 - Level 3.1 Fighting
 - Level 1.7 Dodging
 + Level 3.4 Unarmed Combat
 - Level 2.0 Spellcasting
 - Level 5.2 Transmutations


You had 4 spell levels left.
You knew the following spells:

 Your Spells              Type           Power        Failure   Level  Hunger
a - Spider Form           Trmt/Pois      #.........   45%         3    ####...
b - Beastly Appendage     Trmt           ###...       10%         1    ##.....


Dungeon Overview and Level Annotations

Branches:
Dungeon (3/15)

Altars:
Cheibriados
Kikubaaqudgha
Sif Muna
Vehumet
Zin

Annotations:
D:3 Ijyb


Innate Abilities, Weirdness & Mutations

((Your plain brown scales are hard (AC +5).))
Your body does not fit into most forms of armour.
((You are cold-blooded and may be slowed by cold attacks.))


Message History

Ijyb zaps a wand.
The magic dart hits you!
* * * LOW HITPOINT WARNING * * *
You barely miss Ijyb.
Ijyb is severely wounded.
Ijyb completely misses you.
You hit Ijyb but do no damage.
Ijyb is severely wounded.
Ijyb misses you.
You hit Ijyb but do no damage.
Ijyb is almost dead.
Ijyb zaps a wand.
The magic dart hits you!
* * * LOW HITPOINT WARNING * * *
You barely miss Ijyb.
Ijyb is almost dead.
Ijyb screams, "You nasty!
Big nasty!"
Ijyb zaps a wand.
The magic dart hits you!
You die...

##.....#########
#...# #.
......g........#
#..)# #.
######.###)#### #####
## #..##.# #. ##..#.#
############# ##.#.#
#........#..#
#.#.###........#.##
#.g............#.##
#.s............#...
#..............#.[.
#.#...)........#...
#.#................
###.........##..#####
#........<#.#...#
#.....#[..#.#..######
#.....#.#.#.#...#.. .
#........(#)##..#.#


You could see Ijyb and a hobgoblin (wandering).

Vanquished Creatures
  Purgy (Sewer)
  Crazy Yiuf (D:3)
  4 adders
  3 gnolls (D:3)
  3 worms
  3 giant geckos
  11 bats
  6 giant cockroaches
  5 hobgoblins
  3 quokkas
  2 giant newts (D:3)
  3 goblins (D:1)
  6 jackals (D:2)
  5 kobolds
  3 rats
59 creatures vanquished.

Notes
Turn   | Place    | Note
--------------------------------------------------------------
     0 | D:1      | Kramin the Draconian Transmuter began the quest for the Orb.
     0 | D:1      | Reached XP level 1. HP: 16/16 MP: 3/3
   223 | D:1      | Reached XP level 2. HP: 19/24 MP: 5/5
  1194 | D:2      | Found a radiant altar of Vehumet.
  1370 | D:2      | Reached XP level 3. HP: 31/31 MP: 4/6
  1388 | D:2      | Learned a level 3 spell: Spider Form
  1536 | D:2      | Found a deep blue altar of Sif Muna.
  1953 | D:2      | Found a snail-covered altar of Cheibriados.
  1977 | D:2      | Found an ancient bone altar of Kikubaaqudgha.
  1990 | D:2      | Found a glowing silver altar of Zin.
  2131 | D:3      | Reached XP level 4. HP: 33/38 MP: 3/7
  2195 | D:3      | Noticed Ijyb
  2204 | D:3      | HP: 1/38 [gnoll/whip (9)]
  2235 | D:3      | Found a glowing drain.
  2394 | D:3      | Reached skill level 4 in Transmutations
  2411 | Sewer    | Entered a sewer
  2439 | Sewer    | Noticed Purgy
  2446 | Sewer    | HP: 1/38 [Purgy (1)]
  2604 | Sewer    | Killed Purgy
  2604 | Sewer    | Reached skill level 5 in Transmutations
  2604 | Sewer    | Reached XP level 5. HP: 18/45 MP: 4/8
  2965 | D:3      | Noticed Crazy Yiuf
  2972 | D:3      | HP: 1/45 [Crazy Yiuf/quarterstaff of chaos (19)]
  2990 | D:3      | Killed Crazy Yiuf
  3367 | D:3      | HP: 1/45 [Ijyb/wand of magic darts (6)]
  3368 | D:3      | Killed from afar by Ijyb

Action                   |  1- 3 |  4- 6 || total
-------------------------+-------+-------++-------
Melee: Unarmed           |   159 |    82 ||   241
 Cast: Beastly Appendage |    19 |     2 ||    21
       Spider Form       |     1 |     9 ||    10
 Abil: End Transformatio |       |     1 ||     1
Evoke: Wand              |       |     3 ||     3
  Use: Scroll            |     4 |     1 ||     5
       Potion            |       |     3 ||     3
 Stab: Sleeping          |     1 |       ||     1
  Eat: Chunk             |     3 |     5 ||     8
       Beef jerky        |     1 |       ||     1
